 Dungeon Crawl Stone Soup version 0.24-a0-537-g2d01d4ab0a (webtiles) character file.

Game seed: 15888389484834019625

105 BinkBink the Charlatan (level 4, 0/22 HPs)
             Began as a Spriggan Artificer on Aug 14, 2019.
             Killed from afar by an orc wizard (11 damage)
             ... with a magic dart
             ... on level 3 of the Dungeon.
             The game lasted 00:04:16 (2307 turns).

BinkBink the Charlatan (Spriggan Artificer)         Turns: 2307, Time: 00:04:16

Health: 0/22       AC:  2    Str:  8    XL:     4   Next: 54%
Magic:  17/17      EV: 19    Int: 12    God:
Gold:   97         SH:  0    Dex: 17    Spells: 3/3 levels left

rFire    . . .     SeeInvis +   i - +1 dagger (flame)
rCold    . . .     Gourm    .   (shield restricted)
rNeg     . . .     Faith    .   b - +0 robe
rPois    .         Spirit   .   (helmet restricted)
rElec    .         Reflect  .   (no cloak)
rCorr    .         Harm     .   (gloves unavailable)
MR       .....                  (boots unavailable)
Stlth    ++........             (no amulet)
HPRegen  0.07/turn              h - ring of magical power
MPRegen  0.15/turn              (no ring)

@: very quick
A: very small, unfitting armour, see invisible, herbivore, speed 3, slow
metabolism 2
a: no special abilities


You were on level 3 of the Dungeon.
You were not hungry.

You visited 1 branch of the dungeon, and saw 3 of its levels.

You collected 97 gold pieces.

Inventory:

Hand Weapons
 i - a +1 dagger of flaming (weapon)
Missiles
 l - 31 bolts
 m - 14 sling bullets
Armour
 b - a +0 robe (worn)
Jewellery
 h - a ring of magical power (left hand)
Wands
 a - a wand of iceblast (10)
 c - a wand of flame (15)
 d - a wand of enslavement (15)
 e - a wand of random effects (15)
Scrolls
 g - 3 scrolls of remove curse
 k - a scroll of fear
 r - a scroll of amnesia
Potions
 n - a potion of curing {unknown}
 o - a potion of ambrosia {unknown}
 p - a potion of mutation {unknown}
Comestibles
 f - 7 rations


   Skills:
 + Level 1.2 Fighting
 + Level 2.6 Short Blades
 + Level 4.3 Dodging
 + Level 3.1 Stealth
 + Level 4.9 Evocations


You had 3 spell levels left.
You didn't know any spells.
Your spell library contained the following spells:

 Spells                   Type           Power        Failure   Level  Hunger
 Song of Slaying          Chrm           #.......     45%         2    ###....


Dungeon Overview and Level Annotations

Branches:
Dungeon (3/15)

Altars:


Innate Abilities, Weirdness & Mutations

You are very small and have problems with some larger weapons.
You are too small for most types of armour.
You have supernaturally acute eyesight. (SInv)
You are a herbivore.
You cover ground extremely quickly.
You need to consume almost no food.


Message History

The orc is heavily wounded.
The orc barely misses you. x2
You hit the orc but do no damage.
The orc is heavily wounded.
The orc closely misses you. x2
The orc wizard hits you with a +0 dagger.
You barely miss the orc.
The orc is heavily wounded.
The orc hits you with a +0 hand axe. The orc wizard closely misses you.
The orc closely misses you. The orc hits you but does no damage.
You barely miss the orc.
The orc is heavily wounded.
The orc completely misses you.
Your magical contamination has completely faded away.
You hit the orc but do no damage.
The orc is heavily wounded.
The orc wizard casts a spell at you. The magic dart hits you!
Ouch! That really hurt!
You die...

#.#.#..o.......
#........o.....
##..#.#########
#..#.#
#.######.o.#
#.....)....#
#######.#..###
#....#oo..#
#.#..o@o#.#
#.#.###.#.####
#.#.#...#<...+
#.#.#.#.#.####
#.#.#.#...#
#.#.# #####
#...# #####


You could see an orc wizard (invisible) and 4 orcs.

Vanquished Creatures
  Jessica (D:2)
  3 adders (D:2)
  2 worms (D:2)
  3 dart slugs
  2 ball pythons (D:1)
  7 bats
  2 giant cockroaches
  5 goblins
  5 hobgoblins
  2 jackals (D:2)
  A kobold (D:2)
  A quokka (D:2)
  2 frilled lizards (D:1)
  6 rats
42 creatures vanquished.

Notes
Turn   | Place    | Note
-------+----------+-------------------------------------------
     0 | D:1      | BinkBink the Spriggan Artificer began the quest for the
                  | Orb.
     0 | D:1      | Reached XP level 1. HP: 9/9 MP: 4/4
   214 | D:1      | Reached skill level 1 in Fighting
   415 | D:1      | Reached XP level 2. HP: 13/14 MP: 6/6
  1099 | D:2      | Reached XP level 3. HP: 18/18 MP: 7/7
  1412 | D:2      | Noticed Jessica
  1491 | D:2      | Killed Jessica
  1491 | D:2      | Reached XP level 4. HP: 22/22 MP: 8/8
  1504 | D:2      | Identified Jessica's Tome of Good Luck
  2307 | D:3      | Killed from afar by an orc wizard

Levels and vault maps discovered:
D:1:      shiori_shiawase, layout_loops_ring
D:2:      layout_basic, kennysheep_jessica_study
D:3:      layout_basic, first_ration, glass_columns_a,
          wander_ebering_terrifying_dragon_lair

Skill      XL: |  1  2  3  4 |
---------------+-------------+-----
Fighting       | 1 |  1.2
Stealth        | 2 3 |  3.1
Dodging        | 4 |  4.3
Short Blades   | 2 |  2.6
Evocations     | |  4.9

Action                   |  1- 3 |  4- 6 || total
-------------------------+-------+-------++-------
Melee: Short sword       |    22 |       ||    22
       Dagger            |    89 |    72 ||   161
  Use: Scroll            |       |     4 ||     4
 Stab: Sleeping          |     6 |     1 ||     7
Armor: Robe              |     5 |     6 ||    11
Dodge: Dodged            |    95 |    52 ||   147

Table legend:
 A = Non-vault XP
 B = Vault XP
 C = Vault XP percentage of total XP
 D = Non-vault monster count
 E = Vault monster count
 F = Vault count percentage of total count
                 A         B        C        D         E       F
            +---------+---------+-------+---------+---------+-------
      Total |     112 |      39 |  25.8 |      40 |       2 |   4.8
            +---------+---------+-------+---------+---------+-------
        D:1 |      21 |       0 |   0.0 |      14 |       0 |   0.0
        D:2 |      86 |      39 |  31.2 |      24 |       2 |   7.7
        D:3 |       5 |       0 |   0.0 |       2 |       0 |   0.0
            +---------+---------+-------+---------+---------+-------
